 Dungeon Crawl Stone Soup version 0.20.1-1-g8b1a95d (webtiles) character file.

109 Lorindel the Caller (level 4, -1/25 HPs)
             Began as a Deep Elf Summoner on July 24, 2017.
             Slain by vineage's ghost (14 damage)
             ... on level 4 of the Dungeon.
             The game lasted 00:25:06 (2684 turns).

Lorindel the Caller (Deep Elf Summoner)             Turns: 2684, Time: 00:25:06

Health: -1/25      AC:  3    Str:  5    XL:     4   Next: 59%
Magic:  3/12       EV: 13    Int: 21    God:
Gold:   212        SH:  0    Dex: 15    Spells: 3/11 levels left

rFire    + . .     SeeInvis .   e - -3 dagger (curse)
rCold    . . .     Gourm    .   (no shield)
rNeg     . . .     Faith    .   i - +0 robe (curse)
rPois    .         Spirit   .   E - +0 helmet
rElec    .         Reflect  .   (no cloak)
rCorr    .         Harm     .   (no gloves)
MR       .....                  (no boots)
Stlth    ++........             (no amulet)
Regen    0.1/turn               o - ring of wizardry
MPRegen  0.2/turn               j - ring of protection from fire

@: no status effects
A: no striking features
a: no special abilities


You were on level 4 of the Dungeon.
You were not hungry.

You visited 1 branch of the dungeon, and saw 4 of its levels.

You collected 212 gold pieces.

Inventory:

Hand Weapons
 e - a cursed -3 dagger (weapon)
 h - a +0 club
 n - a +0 spear
 q - a +0 hand axe
 s - a +0 whip
 A - a +0 quarterstaff
 D - a +0 rapier
Missiles
 f - 41 stones (quivered)
 x - 30 poisoned needles
 y - 15 arrows
Armour
 a - a +1 robe
 i - a cursed +0 robe (worn)
 C - a +0 robe
 E - a +0 helmet (worn)
Magical Staves
 H - an uncursed staff of power {unknown}
Jewellery
 g - an uncursed ring of ice
 j - a ring of protection from fire (right hand)
 o - a ring of wizardry (left hand)
Scrolls
 r - 2 scrolls of teleportation
 w - a scroll of enchant armour
 F - 3 scrolls of enchant weapon {unknown}
Potions
 d - a potion of magic
 l - 4 potions of mutation
 p - a potion of might
 u - a potion of haste
 z - a potion of cancellation
 B - a potion of flight {unknown}
 G - a potion of ambrosia {unknown}
Books
 b - a book of Callings

   Spells                             Type                      Level
   a - Summon Small Mammal            Summoning                    1
   b - Call Imp                       Summoning                    2
   c - Call Canine Familiar           Summoning                    3
   d - Summon Guardian Golem          Hexes/Summoning              3
   e - Summon Lightning Spire         Summoning/Air                4
   f - Summon Ice Beast               Ice/Summoning                4
Comestibles
 c - 4 bread rations
 k - 4 fruits
 m - 3 meat rations
 v - 3 royal jellies


   Skills:
 + Level 1.2 Fighting
 + Level 0.8 Staves
 + Level 3.0 Dodging
 + Level 3.2 Stealth
 * Level 4.2 Spellcasting
 + Level 0.3 Hexes
 + Level 5.0 Summonings


You had 3 spell levels left.
You knew the following spells:

 Your Spells              Type           Power        Failure   Level  Hunger
b - Call Imp              Summ           ####....     1%          2    #......
c - Call Canine Familiar  Summ           ####....     1%          3    ###....
d - Summon Guardian Gole  Hex/Summ       ###.....     4%          3    ###....


Dungeon Overview and Level Annotations

Branches:
Dungeon (4/15)
 Temple: D:4-7

Altars:
The Shining One

Annotations:
D:4 vineage's ghost, novice MiFi


Message History

Your crimson imp hits vineage's ghost but does no damage. x2
Your hound bites vineage's ghost.
Vineage's ghost hits you!
Your hound misses vineage's ghost.
Your crimson imp blinks!
Vineage's ghost hits your crimson imp!
Your crimson imp dies!
Your hound bites vineage's ghost.
Your crimson imp hits vineage's ghost.
Your hound bites vineage's ghost but does no damage.
Your crimson imp blinks! x2
All of the chunks of flesh in your inventory have rotted away.
Your hound bites vineage's ghost but does no damage.
Your hound bites vineage's ghost but does no damage.
Your crimson imp blinks!
Found a leather armour.
Your hound closely misses vineage's ghost.
Your hound barely misses vineage's ghost.
Your hound bites vineage's ghost.
Vineage's ghost hits you!
Ouch! That really hurt!
You die...

#..#........#
[##..........#
..##.........#
...#.#.......##
.........5....###
...#........<...#
..##.....5h...#.####
. #.......W........#
#....####.@..##...#
.....# #....##...#
..... #....##...#
.... .............
.... .###.###....#.#
... #.# ....#.# #+#
#..... # ..


You could see vineage's ghost, a friendly hound and 2 friendly crimson imps.

Vanquished Creatures
  An orc (D:3)
  A giant cockroach (D:3)
  A jackal (D:1)
  2 kobolds
  2 bats (D:3)
  A frilled lizard (D:2)
  A goblin (D:1)
9 creatures vanquished.

Vanquished Creatures (collateral kills)
  A howler monkey (D:3)
  4 adders
  A gnoll (D:1)
  2 oozes
  2 dart slugs (D:2)
  3 leopard geckos
  2 orcs (D:3)
  2 giant cockroaches (D:2)
  12 goblins
  7 hobgoblins
  8 jackals (D:1)
  A quokka (D:3)
  9 bats
  3 frilled lizards (D:1)
  7 kobolds
  3 rats
67 creatures vanquished.

Grand Total: 76 creatures vanquished

Notes
Turn   | Place    | Note
-------+----------+-------------------------------------------
     0 | D:1      | Lorindel the Deep Elf Summoner began the quest for the Orb.
     0 | D:1      | Reached XP level 1. HP: 10/10 MP: 6/6
    87 | D:1      | Reached XP level 2. HP: 2/15 MP: 2/8
    91 | D:1      | Learned a level 2 spell: Call Imp
   947 | D:1      | Reached XP level 3. HP: 17/19 MP: 7/10
   995 | D:1      | Learned a level 3 spell: Call Canine Familiar
   999 | D:1      | Learned a level 3 spell: Summon Guardian Golem
  1929 | D:3      | Reached skill level 1 in Fighting
  1977 | D:3      | Reached XP level 4. HP: 22/25 MP: 5/11
  2063 | D:3      | Found a glowing golden altar of the Shining One.
  2520 | D:3      | Found a faded altar of an unknown god.
  2544 | D:3      | Reached skill level 5 in Summonings
  2645 | D:4      | Noticed vineage's ghost (novice MiFi)
  2684 | D:4      | Slain by vineage's ghost

Skill      XL: |  1  2  3  4 |
---------------+-------------+-----
Stealth        | 3 |  3.2
Fighting       | 1 |  1.2
Spellcasting   | 4 |  4.2
Dodging        | 3 |  3.0
Summonings     | 5 |  5.0
Staves         | |  0.8
Hexes          | |  0.3

Action                   |  1- 3 |  4- 6 || total
-------------------------+-------+-------++-------
Melee: Unarmed           |     7 |       ||     7
       Club              |    11 |       ||    11
       Dagger            |    51 |    25 ||    76
 Cast: Summon Small Mamm |    25 |       ||    25
       Call Imp          |    30 |    11 ||    41
       Call Canine Famil |     7 |     3 ||    10
  Use: Scroll            |     7 |     2 ||     9
 Stab: Sleeping          |     1 |     3 ||     4
       Distracted        |     1 |       ||     1
  Eat: Chunk             |     5 |     2 ||     7
Armor: Robe              |    22 |     1 ||    23
Dodge: Dodged            |    83 |    21 ||   104
